Map: Blood Boil LE

Players

casshernD - Winner!

  • Race: Zerg Zerg
  • League: Diamond
  • Spawn Location: 11:00

Robola

  • Race: Terran Terran
  • League: Diamond
  • Spawn Location: 5:00

VOD

Have the link to the VOD?

Description

Time

  • Played on: June 12, 2017, 11:54 a.m.
  • Length: 26:27
Show
View Real Time Build Order
Export as new Build Order

casshernD Zerg - Winner!

Build Orders: Pool First 

Get SALT Encoding   

  12  0:00  Unknown  
  12  0:01  Drone  
  13  0:24  Spawning Pool  
  13  0:25  Drone  
  13  0:31  Extractor  
  13  0:33  Drone  
  13  0:37  Drone  
  14  0:48  Overlord  
  14  1:10  Zergling x6  
  17  1:14  Queen  
  19  1:23  Zergling x2  
  20  1:33  Zergling x2  
  20  1:36  Metabolic Boost  
  21  1:47  Overlord  
  21  1:58  Drone  
  22  2:09  Drone  
  23  2:20  Zergling x2  
  24  2:26  Drone  
  24  2:30  Zergling x4  
  24  2:44  Zergling x4  
  24  2:57  Zergling x2  
  25  3:22  Drone x2  
  25  3:23  Hatchery  
  27  3:27  Drone  
  27  3:28  Hatchery, Roach Warren  
  25  3:42  Drone  
  26  3:51  Drone x3  
  29  3:57  Lair  
  29  3:59  Drone  
  29  4:00  Extractor  
  29  4:06  Drone  
  30  4:17  Overlord x2  
  30  4:36  Queen  
  32  4:38  Drone x3  
  32  4:39  Drone  
  35  4:55  Drone x2  
  35  4:58  Spore Crawler  
  35  4:59  Queen  
  38  5:15  Glial Reconstitution  
  38  5:16  Roach  
  38  5:17  Roach  
  38  5:18  Drone  
  38  5:20  Drone  
  44  5:27  Roach  
  44  5:28  Roach  
  48  5:33  Drone  
  49  5:40  Roach x2  
  49  5:41  Drone  
  54  5:47  Overlord  
  54  5:49  Overlord  
  54  5:52  Roach  
  54  5:56  Drone  
  57  6:04  Overlord  
  57  6:06  Roach x2  
  61  6:12  Drone x3  
  61  6:14  Drone  
  65  6:23  Ravager x4  
  65  6:24  Ravager  
  65  6:25  Zergling x6  
  72  6:30  Spore Crawler  
  72  6:35  Drone x2  
  72  6:36  Drone  
  75  6:40  Overlord  
  75  6:42  Overlord  
  75  7:01  Roach x4  
  79  7:02  Roach x2  
  79  7:04  Drone x3  
  79  7:07  Extractor  
  87  7:12  Drone x2  
  87  7:13  Drone  
  87  7:14  Spore Crawler  
  89  7:19  Drone  
  90  7:24  Pneumatized Carapace  
  90  7:29  Extractor x2  
  88  7:36  Drone x2  
  90  7:38  Hydralisk Den, Overlord x3  
  89  7:45  Drone  
  90  7:56  Drone x3  
  90  7:57  Drone  
  94  7:58  Drone  
  94  7:59  Drone x2  
  97  8:10  Hydralisk  
  97  8:11  Hydralisk x4  
  107  8:16  Overlord x3  
  107  8:18  Drone x4  
  111  8:20  Drone  
  111  8:26  Drone x2  
  114  8:33  Evolution Chamber  
  114  8:34  Drone x2  
  114  8:35  Evolution Chamber  
  106  8:41  Queen  
  103  8:52  Drone x6  
  103  8:53  Spore Crawler  
  108  8:57  Muscular Augments  
  108  9:07  Drone x2  
  108  9:08  Drone  
  111  9:11  Drone x2  
  111  9:12  Hatchery  
  112  9:18  Zerg Ground Armor Level 1, Zerg Missile Weapons Level 1  
  112  9:21  Zergling x6  
  112  9:23  Roach  
  117  9:28  Overseer  
  117  9:34  Spine Crawler  
  117  9:37  Drone x4  
  120  9:38  Spine Crawler  
  120  9:42  Roach  
  120  9:43  Roach x5  
  131  9:46  Ravager  
  131  9:47  Ravager x6  
  131  9:51  Overlord  
  131  9:52  Overlord  
  138  9:56  Overlord  
  138  10:07  Overlord x2  
  138  10:22  Hydralisk x10  
  157  10:47  Drone x6  
  163  10:54  Spore Crawler, Spine Crawler  
  161  10:58  Drone  
  161  10:59  Drone x9  
  171  11:05  Overlord  
  171  11:16  Zerg Missile Weapons Level 2  
  171  11:17  Roach  
  171  11:18  Roach x3, Infestation Pit  
  179  11:20  Drone  
  179  11:22  Queen  
  181  11:28  Spine Crawler  
  181  11:29  Spore Crawler  
  181  11:30  Extractor, Drone x5, Spine Crawler  
  181  11:31  Extractor  
  181  11:43  Spore Crawler  
  175  11:58  Roach x3  
  175  11:59  Roach x6  
  183  12:07  Overlord  
  183  12:08  Overlord x3  
  181  12:26  Overlord x3  
  174  12:36  Hydralisk x11  
  174  12:37  Hydralisk x4  
  98  13:28  Overseer  
  91  13:41  Hatchery  
  91  13:46  Hatchery  
  83  14:05  Hatchery  
  74  14:37  Hatchery  
  73  14:38  Hatchery  
  72  15:26  Spawning Pool  
  71  15:30  Extractor  
  70  15:58  Drone x2  
  70  15:59  Drone x7  
  70  16:00  Drone x4  
  82  16:21  Lair  
  68  16:50  Hatchery  
  68  16:54  Spawning Pool  
  64  17:12  Drone x3  
  59  18:04  Burrow  
  59  18:25  Spawning Pool  
  58  18:39  Extractor  
  53  19:21  Zergling x14  
  53  19:22  Zergling x4  
  60  19:30  Hatchery  
  59  19:37  Hatchery  
  56  20:15  Spawning Pool  
  51  21:03  Drone x2  
  53  21:04  Queen  
  55  21:18  Zergling x2  
  56  21:19  Zergling x30  
  56  21:24  Baneling Nest  
  51  21:39  Roach Warren  
  50  21:42  Lair  
  47  22:07  Baneling x14  
  47  22:10  Baneling x4  
  47  22:13  Baneling x3  
  47  23:05  Zergling x22  
  53  23:06  Zergling x18  
  67  23:18  Baneling x3  
  67  23:19  Baneling x5  
  60  23:28  Baneling x5  
  56  23:49  Baneling x5  
  56  23:50  Baneling, Zergling x2  
  56  23:51  Zergling x10  
  58  24:02  Baneling x6  
  58  24:27  Hatchery  
  58  24:30  Spire  
  51  24:51  Baneling x6  
  27  25:02  Zergling x2  
  27  25:03  Zergling x6  
  28  25:19  Baneling x5  
  24  25:36  Baneling x9  
  21  25:47  Mutalisk  
Show
View Real Time Build Order
Export as new Build Order

Robola Terran 

Build Orders: Reaper Expand, MMM Bio 

Get SALT Encoding   

  12  0:00  Unknown  
  12  0:01  SCV  
  13  0:13  SCV  
  14  0:18  Supply Depot  
  14  0:25  SCV  
  15  0:40  SCV  
  15  0:42  Barracks  
  16  0:45  Refinery  
  16  0:52  SCV  
  17  1:04  SCV  
  18  1:16  SCV  
  19  1:29  Reaper  
  19  1:32  Orbital Command  
  20  1:44  Command Center  
  20  1:56  Barracks  
  20  1:59  SCV  
  21  2:11  Barracks Reactor  
  18  2:40  Supply Depot  
  18  2:45  SCV  
  19  2:52  Marine x2  
  19  2:57  SCV, Orbital Command  
  20  3:09  SCV  
  20  3:10  Marine x2  
  23  3:20  Factory  
  23  3:23  SCV  
  23  3:27  Refinery  
  24  3:30  Barracks Tech Lab  
  24  3:39  Bunker  
  24  3:43  Marine, Supply Depot  
  24  3:44  Marine  
  26  3:51  Bunker  
  26  3:57  Marine  
  26  3:59  Supply Depot  
  26  4:02  Stimpack  
  27  4:05  SCV  
  27  4:08  SCV  
  29  4:13  Widow Mine  
  31  4:24  Marine x2  
  31  4:25  Marine  
  34  4:33  SCV x2  
  36  4:39  Starport  
  36  4:42  Factory Reactor  
  36  4:55  Marine x3  
  36  4:57  SCV x2  
  41  5:09  SCV x2  
  41  5:12  Barracks  
  41  5:13  Marine x3  
  46  5:22  SCV x2  
  46  5:24  Medivac  
  46  5:26  Factory Reactor  
  46  5:28  Medivac  
  52  5:31  Marine  
  52  5:33  Marine  
  52  5:34  SCV  
  52  5:35  SCV  
  56  5:40  Marine  
  57  5:46  SCV  
  57  5:47  SCV  
  59  5:58  Command Center  
  59  6:02  Marine x3  
  62  6:07  Supply Depot  
  62  6:08  Supply Depot  
  62  6:13  Engineering Bay  
  62  6:15  Engineering Bay, Combat Shields  
  62  6:28  SCV x2, Marine x2  
  62  6:30  Marine  
  62  6:31  Barracks Reactor  
  67  6:40  SCV  
  68  7:00  Marine x3  
  71  7:04  Barracks  
  71  7:09  Marine x2  
  71  7:12  Factory Tech Lab  
  73  7:17  Marine  
  73  7:19  Medivac  
  73  7:20  Medivac  
  78  7:23  Terran Infantry Armor Level 1, Terran Infantry Weapons Level 1  
  78  7:28  Armory  
  78  7:31  SCV, Supply Depot  
  78  7:32  SCV  
  80  7:43  SCV  
  82  7:44  SCV  
  82  7:52  Marine x5  
  82  7:53  Marauder  
  82  7:54  Siege Tank  
  82  7:55  SCV  
  82  7:56  SCV  
  94  8:07  SCV  
  94  8:10  Marine x2  
  97  8:17  Orbital Command  
  97  8:18  SCV  
  99  8:20  SCV  
  99  8:23  Refinery, Barracks  
  99  8:24  Barracks  
  99  8:31  SCV  
  99  8:32  SCV  
  101  8:34  Supply Depot x2  
  101  8:43  Marauder  
  101  8:44  Marine  
  101  8:46  Marine  
  101  8:48  Marine x4  
  99  8:49  Concussive Shells  
  99  8:55  Siege Tank  
  99  8:56  Refinery  
  99  8:57  SCV x3  
  99  9:00  Refinery  
  99  9:01  Supply Depot  
  99  9:02  Marine  
  106  9:03  Marine, Supply Depot  
  106  9:04  Marauder  
  106  9:05  Marine  
  106  9:06  Marine  
  106  9:09  SCV x3  
  114  9:12  Barracks Tech Lab  
  114  9:13  Barracks Tech Lab  
  114  9:18  Medivac  
  114  9:19  Marine  
  114  9:22  Medivac, Marine x3  
  114  9:23  SCV x3  
  125  9:26  Marauder, Supply Depot  
  125  9:27  Supply Depot  
  125  9:30  Marine  
  125  9:31  Marauder, Marine x2  
  131  9:33  Siege Tank  
  131  9:35  SCV x2  
  131  9:38  SCV  
  138  9:47  SCV x2  
  138  9:48  Marauder, Marine x4  
  138  9:49  Marauder, Marine  
  149  9:53  Supply Depot x2  
  149  9:56  SCV  
  149  9:58  Marine, Supply Depot  
  149  9:59  SCV x2  
  153  10:01  Terran Infantry Weapons Level 2  
  153  10:05  Siege Tank  
  156  10:08  SCV  
  157  10:18  Marine x4  
  157  10:19  Marauder x2, Marine x3  
  156  10:36  Marine x5  
  156  10:37  Siege Tank, Marine, Marauder  
  157  10:48  Marine  
  160  10:50  Factory  
  160  10:53  Marine  
  160  10:54  Marine x3  
  164  10:59  Marauder  
  164  11:09  Siege Tank, Barracks  
  164  11:10  Marine x2  
  164  11:11  Marauder, Marine  
  171  11:12  Marine  
  171  11:13  Medivac x2  
  177  11:24  Marauder, Marine x2  
  181  11:29  Terran Infantry Armor Level 2  
  181  11:30  Supply Depot  
  181  11:32  Supply Depot  
  181  11:33  Marine  
  181  11:35  Barracks  
  181  11:38  Factory Tech Lab  
  181  11:39  Barracks  
  182  11:40  SCV x2  
  182  11:41  Siege Tank  
  182  11:45  SCV, Marine  
  189  11:52  SCV, Marauder, Marine x5  
  189  11:53  Marauder  
  189  11:59  Medivac x2  
  192  12:01  Barracks Tech Lab  
  192  12:03  Marine  
  192  12:06  Siege Tank  
  196  12:09  Marine  
  196  12:10  Marine x3  
  196  12:13  Barracks Reactor  
  200  12:21  Marine  
  200  12:28  Medivac  
  200  12:29  Medivac  
  197  12:36  Marine x2  
  190  12:37  Marauder, Marine  
  190  12:38  Siege Tank  
  190  12:39  Marine  
  190  12:40  Marine x2  
  188  12:52  Marine x2  
  188  12:54  Marine x2  
  188  12:55  Marine  
  188  12:57  Bunker, Marine x2  
  188  12:58  Marauder, Marine x3  
  175  13:10  Marine x2  
  175  13:12  Marine x2  
  174  13:13  Marine  
  174  13:15  Marine x3  
  166  13:20  Marauder  
  166  13:21  Marine  
  166  13:23  Siege Tank  
  146  13:34  Marine x2  
  91  14:38  Barracks Reactor  
  87  15:23  Orbital Command  
  68  16:45  Orbital Command  
  63  18:21  Orbital Command  
  60  20:52  Orbital Command  
  30  25:04  Orbital Command  
Tags
 
Add a new tag
Caveats
  • Supply blocks, unpowered buildings, or Contaminate may cause inaccurate times.
  • Supply counts are checked every 10 seconds.